Map: Dreamcatcher LE

Players

Swatopluke

  • Race: Protoss Protoss
  • League: Platinum
  • Spawn Location: 11:00

baki - Winner!

  • Race: Terran Terran
  • League: Platinum
  • Spawn Location: 5:00

VOD

Have the link to the VOD?

Description

Time

  • Played on: Nov. 11, 2018, 9:26 p.m.
  • Length: 16:31
Show
View Real Time Build Order
Export as new Build Order

Swatopluke Protoss 

Build Orders: 1 Gate Expand, Phoenix Opening 

Get SALT Encoding   

  12  0:00  Probe  
  13  0:12  Probe  
  14  0:17  Pylon  
  14  0:24  Probe  
  15  0:35  Gateway  
  15  0:38  Probe  
  16  0:50  Probe  
  16  0:51  Assimilator  
  17  1:02  Probe  
  18  1:14  Probe  
  19  1:25  Nexus  
  19  1:34  Cybernetics Core  
  19  1:36  Probe  
  20  1:45  Probe  
  20  1:49  Pylon  
  20  1:53  Probe  
  22  2:02  Assimilator  
  22  2:05  Probe  
  22  2:07  Adept  
  24  2:16  Warp Gate  
  24  2:22  Probe  
  25  2:33  Adept  
  25  2:34  Probe  
  28  2:52  Probe  
  28  2:53  Probe  
  28  2:56  Pylon  
  28  2:57  Stargate  
  30  3:00  Gateway  
  30  3:14  Robotics Facility  
  30  3:16  Probe x2  
  32  3:20  Shield Battery  
  32  3:25  Stalker  
  32  3:28  Probe x2  
  34  3:40  Probe x2  
  34  3:41  Assimilator  
  38  3:44  Phoenix  
  40  3:52  Probe  
  40  3:53  Probe  
  42  3:59  Pylon  
  42  4:02  Observer  
  43  4:13  Immortal  
  43  4:35  Probe x2, Gateway  
  43  4:37  Gateway  
  45  4:41  Assimilator  
  45  4:47  Probe  
  45  4:48  Probe  
  47  4:52  Nexus  
  47  4:58  Immortal  
  47  5:00  Probe x2, Phoenix  
  50  5:09  Probe x2  
  50  5:13  Twilight Council  
  56  5:17  Probe x2  
  57  5:26  Stalker, Probe  
  61  5:42  Pylon  
  61  5:44  Charge  
  61  5:48  Shield Battery  
  61  5:51  Shield Battery  
  61  5:57  Pylon  
  61  5:59  Pylon, Observer  
  61  6:00  Pylon, Void Ray  
  61  6:02  Immortal  
  69  6:05  Probe  
  69  6:11  Gateway  
  70  6:15  Probe  
  70  6:17  Zealot x4  
  79  6:24  Probe  
  80  6:27  Probe  
  81  6:36  Probe  
  81  6:37  Zealot x2  
  81  6:38  Zealot x2  
  81  6:39  Probe  
  91  6:52  Robotics Bay  
  91  7:17  Zealot  
  93  7:25  Probe, Templar Archives  
  94  7:39  Nexus  
  94  7:55  Pylon  
  94  7:57  Pylon  
  94  7:59  Pylon  
  94  8:00  Pylon  
  94  8:02  Pylon  
  94  8:03  Pylon  
  94  8:13  Probe x2, Immortal  
  94  8:16  Zealot x2  
  94  8:17  Zealot x3  
  94  8:19  Psionic Storm  
  110  8:25  Probe x2  
  110  8:26  Robotics Facility  
  112  8:32  Void Ray  
  116  8:37  Probe x2  
  118  8:46  Zealot  
  118  8:47  Zealot x4  
  118  8:48  Extended Thermal Lance  
  128  8:49  Probe x2  
  128  9:01  Probe  
  129  9:16  High Templar x5  
  139  9:19  Colossus  
  139  9:21  Assimilator  
  139  9:25  Probe x2, Assimilator  
  147  9:36  Nexus  
  147  9:38  Probe x2  
  147  9:40  Colossus  
  155  10:01  Zealot  
  156  10:07  Pylon  
  156  10:08  Pylon, Probe  
  156  10:10  Pylon  
  156  10:11  Stalker  
  156  10:12  Pylon, Stalker  
  156  10:13  Pylon  
  155  10:15  Stalker  
  155  10:16  Pylon, Stalker  
  147  10:38  Colossus x2  
  147  10:39  Void Ray  
  155  10:56  Stalker  
  155  10:57  Stalker, Zealot  
  155  10:58  Zealot  
  116  11:20  Probe  
  111  11:27  Stalker  
  111  11:28  Stalker, Zealot  
  111  11:31  Assimilator  
  114  11:36  Assimilator  
  114  11:39  Probe x2  
  96  11:51  Probe  
  96  11:53  Probe  
  93  11:56  Archon  
  93  12:10  Probe x2  
  94  12:22  Probe  
  91  12:27  Probe  
  92  12:30  Probe  
  93  12:38  Probe  
  93  12:39  Probe  
  95  12:48  Probe  
  95  12:49  Gateway  
  95  12:51  Pylon, Gateway, Probe  
  96  12:52  Gateway  
  96  12:57  Pylon  
  83  13:00  Probe  
  83  13:04  Probe  
  53  13:13  Probe  
  53  13:16  Probe  
  53  13:18  Zealot x3  
  53  13:19  Zealot  
  57  13:21  Probe  
  55  13:51  Probe  
Show
View Real Time Build Order
Export as new Build Order

baki Terran - Winner!

Build Orders: Cyclone Opening, Reaper Expand 

Get SALT Encoding   

  12  0:01  SCV  
  13  0:13  SCV  
  14  0:18  Supply Depot  
  14  0:25  SCV  
  15  0:40  SCV  
  15  0:41  Barracks  
  16  0:45  Refinery  
  16  0:52  SCV  
  17  1:04  SCV  
  18  1:17  SCV  
  19  1:28  Reaper  
  19  1:30  Orbital Command  
  20  1:50  Supply Depot  
  20  2:03  SCV  
  20  2:05  Command Center  
  21  2:10  Factory  
  21  2:13  Refinery  
  21  2:17  Marine  
  21  2:18  SCV  
  23  2:30  SCV  
  24  2:51  Barracks Reactor  
  24  2:55  SCV  
  24  2:56  Cyclone  
  28  3:17  SCV, Supply Depot  
  29  3:21  Bunker  
  29  3:29  Marine x2, Starport  
  31  3:40  Cyclone  
  34  3:45  Supply Depot  
  34  3:46  Marine  
  34  3:47  Marine  
  36  3:49  Barracks, Orbital Command  
  36  3:50  SCV  
  37  4:02  SCV  
  38  4:04  Marine x2  
  40  4:14  SCV  
  41  4:17  Medivac  
  43  4:34  SCV  
  43  4:38  Marine  
  44  4:39  Command Center  
  44  4:40  Marine  
  44  4:41  Supply Depot  
  44  4:45  SCV  
  47  4:47  SCV  
  48  4:57  SCV  
  49  5:01  Factory Tech Lab  
  49  5:05  Marine  
  49  5:06  Marine  
  49  5:07  Barracks Tech Lab  
  51  5:10  Starport Reactor  
  51  5:15  SCV  
  51  5:16  Barracks  
  51  5:18  Barracks  
  51  5:19  Barracks  
  52  5:22  Supply Depot  
  52  5:25  Marine x2  
  52  5:27  Stimpack  
  54  5:33  SCV x2  
  56  5:39  Marauder  
  58  5:45  SCV x2  
  60  5:58  SCV x2  
  60  6:01  Refinery  
  60  6:02  Refinery  
  62  6:04  Engineering Bay x2  
  62  6:05  Barracks Tech Lab  
  62  6:06  Marauder  
  62  6:07  Medivac x2  
  62  6:08  Orbital Command  
  62  6:10  Barracks Reactor  
  68  6:12  Barracks Tech Lab  
  68  6:21  SCV  
  68  6:22  SCV  
  68  6:23  Supply Depot  
  68  6:25  Supply Depot  
  70  6:29  Supply Depot  
  70  6:30  Terran Infantry Weapons Level 1  
  70  6:33  Terran Infantry Armor Level 1  
  70  6:39  Missile Turret x2  
  70  6:44  Marauder x2  
  73  6:47  Concussive Shells  
  73  6:49  Combat Shield  
  73  6:52  Marauder  
  74  7:01  Missile Turret  
  74  7:10  Marine x2, Marauder  
  74  7:11  Marauder  
  74  7:15  Marine x2, SCV x2  
  80  7:16  Marine  
  82  7:26  Armory  
  82  7:28  Marine x2  
  84  7:32  Marauder x2, SCV x2  
  90  7:41  Marine x3  
  91  7:45  Orbital Command  
  91  7:46  Marine x2  
  91  7:48  SCV x2  
  94  7:53  Marine  
  94  7:56  Missile Turret  
  95  8:00  SCV x2  
  92  8:14  Missile Turret, Liberator  
  92  8:15  Siege Tank  
  92  8:19  Marauder x3, Marine x3  
  101  8:20  Marine  
  101  8:32  Medivac  
  106  8:37  Marine x4  
  106  8:41  Marauder x2  
  113  8:45  Marine  
  113  8:47  Siege Tank  
  117  8:51  Orbital Command  
  117  8:54  Supply Depot  
  117  8:55  Marine x4  
  119  8:58  Supply Depot  
  119  9:02  Marauder x2  
  125  9:07  Terran Infantry Weapons Level 2  
  124  9:13  Marine  
  124  9:16  Marine x3, Marauder  
  130  9:18  Terran Infantry Armor Level 2  
  130  9:23  Marine, Marauder  
  133  9:30  Marine  
  134  9:31  SCV x3  
  140  9:38  Siege Tank  
  140  9:41  Marine x3  
  140  9:43  SCV x2  
  145  9:52  Marine x2  
  147  9:53  Marauder  
  149  10:02  Supply Depot x3  
  149  10:23  Marine x4, Medivac x2, Bunker  
  149  10:24  Marauder x3, Missile Turret  
  142  10:36  Liberator x2  
  142  10:45  Marauder x3  
  136  10:53  Marine x4  
  142  11:06  Marine x2  
  142  11:07  Marauder  
  142  11:10  Marine  
  142  11:11  Marine  
  147  11:15  Orbital Command  
  147  11:17  Marine x2  
  141  11:25  Marauder x2  
  145  11:28  Marauder, Marine  
  145  11:46  Marauder  
  145  11:56  Marauder x2  
  145  11:57  Marine x4  
  153  12:07  Marauder  
  142  12:10  Medivac x2  
  142  12:13  SCV x3  
  142  12:14  Marine x2  
  142  12:15  Marine  
  152  12:17  Siege Tank  
  152  12:18  Marauder  
  152  12:25  SCV, Liberator x2  
  153  12:32  Terran Infantry Armor Level 3, Terran Infantry Weapons Level 3  
  159  12:45  Marine x3  
  159  12:46  Marine x4  
  152  13:05  Marine x4  
  138  13:06  Marauder x3  
  142  13:21  Orbital Command  
  142  13:23  Marine x2  
  142  13:25  Medivac  
  146  13:28  Marauder x3  
  149  13:49  Marauder x3  
  155  14:06  Liberator  
  155  14:10  Marauder  
  156  14:36  Marauder  
  158  14:46  Liberator  
  158  14:47  Supply Depot x2  
  158  14:48  Marine x2  
  158  14:49  Marauder, Supply Depot  
  158  14:51  Liberator  
  158  14:54  Supply Depot  
  158  14:55  Siege Tank  
  152  15:29  Liberator  
  152  15:30  Marauder x3, Marine x3  
  152  15:31  Marine  
  160  15:39  Orbital Command  
  153  15:48  Marine x2  
  153  15:49  Marine  
  157  16:07  Marine x4  
  157  16:08  Marine x3  
Tags
 
Add a new tag
Caveats
  • Supply blocks, unpowered buildings, or Contaminate may cause inaccurate times.
  • Supply counts are checked every 10 seconds.